Map: Ascension to Aiur LE

Players

Serral - Winner!

  • Race: Zerg Zerg
  • League: Grandmaster
  • Spawn Location: 5:00

liquidthermy (uThermal)

  • Race: Terran Terran
  • League: Grandmaster
  • Spawn Location: 11:00

Event: WESG Barcelona European Finals 2017

VOD

Have the link to the VOD?

Description

Time

  • Played on: Nov. 25, 2017, 9:53 a.m.
  • Length: 10:41

All games in this series

Show
View Real Time Build Order
Export as new Build Order

Serral Zerg - Winner!

Build Orders: Hatch First 

Get SALT Encoding   

  12  0:00  Drone  
  13  0:12  Overlord  
  13  0:17  Drone  
  14  0:30  Drone x2  
  14  0:34  Drone  
  17  0:51  Hatchery  
  17  0:54  Drone  
  17  0:57  Drone  
  18  1:08  Extractor  
  17  1:12  Spawning Pool  
  17  1:15  Drone  
  17  1:18  Drone  
  18  1:27  Drone  
  19  1:38  Overlord  
  19  1:49  Drone  
  20  1:58  Queen  
  20  2:00  Zergling x2  
  23  2:02  Queen  
  23  2:03  Zergling x2  
  23  2:07  Metabolic Boost  
  26  2:11  Drone  
  26  2:13  Drone  
  28  2:31  Hatchery  
  28  2:34  Drone  
  28  2:37  Drone  
  29  2:44  Pneumatized Carapace  
  29  2:48  Overlord  
  30  2:51  Drone  
  30  2:54  Drone  
  31  2:58  Drone  
  31  3:03  Queen  
  34  3:08  Drone  
  34  3:09  Drone  
  37  3:12  Drone  
  37  3:15  Overlord  
  37  3:18  Drone  
  37  3:19  Drone  
  39  3:22  Drone  
  39  3:24  Drone  
  41  3:28  Zergling x2  
  42  3:39  Queen  
  42  3:40  Zergling x4  
  46  3:43  Drone x2  
  46  3:44  Drone  
  46  3:47  Overlord  
  49  3:49  Drone  
  49  3:53  Overlord  
  50  3:56  Queen  
  50  4:02  Lair  
  52  4:03  Drone  
  52  4:05  Drone  
  54  4:11  Drone, Baneling Nest, Extractor  
  54  4:13  Drone  
  54  4:14  Drone  
  54  4:16  Zergling x2  
  56  4:18  Drone  
  56  4:19  Drone  
  56  4:22  Drone x2  
  60  4:24  Drone  
  60  4:25  Drone  
  60  4:29  Zergling x2  
  63  4:32  Drone, Overlord  
  64  4:39  Drone x2, Spore Crawler  
  64  4:41  Drone  
  64  4:45  Overlord  
  66  4:50  Drone x6  
  72  4:55  Extractor  
  72  4:56  Baneling x4, Evolution Chamber  
  70  5:00  Queen  
  72  5:08  Zergling x10  
  72  5:10  Drone  
  72  5:11  Drone  
  79  5:15  Drone x2  
  79  5:16  Hydralisk Den, Drone, Extractor  
  79  5:18  Drone  
  79  5:19  Drone  
  82  5:22  Drone x3  
  82  5:25  Zerg Missile Weapons Level 1  
  85  5:29  Drone x2, Extractor  
  85  5:30  Drone  
  87  5:38  Hatchery  
  86  5:44  Drone  
  86  5:45  Overlord x2  
  86  5:47  Muscular Augments  
  87  5:50  Hydralisk  
  87  5:56  Overlord x3  
  89  6:01  Spore Crawler  
  89  6:02  Overseer  
  87  6:07  Drone x5  
  87  6:08  Drone  
  89  6:15  Drone  
  89  6:16  Drone  
  87  6:21  Hydralisk x3  
  87  6:24  Drone  
  90  6:30  Hydralisk x4  
  96  6:36  Hydralisk x2  
  100  6:40  Centrifical Hooks  
  100  6:49  Hydralisk x3  
  100  6:51  Zergling x2  
  100  6:52  Zergling x8  
  100  6:54  Baneling x3  
  111  6:57  Zergling x4  
  111  6:58  Zergling x2  
  114  7:02  Hydralisk x2  
  114  7:07  Hydralisk  
  118  7:14  Hydralisk x2, Zergling x2  
  118  7:15  Zergling x10  
  128  7:22  Overlord  
  128  7:23  Overlord  
  128  7:26  Hydralisk x3  
  134  7:35  Overlord  
  133  7:50  Zergling x20  
  126  7:58  Zergling x10  
  126  7:59  Zergling x4  
  126  8:04  Hydralisk x3  
  136  8:13  Overlord  
  136  8:14  Overlord  
  136  8:15  Hydralisk x4  
  136  8:17  Baneling x4  
  136  8:19  Baneling x2  
  142  8:20  Baneling, Zergling x6  
  142  8:26  Baneling x4  
  145  8:30  Zergling x6  
  145  8:31  Zergling x6  
  144  8:46  Hydralisk x5  
  144  8:47  Zergling x6  
  145  8:54  Hydralisk x2  
  145  8:55  Hydralisk, Zergling x2  
  141  8:56  Zergling x2  
  142  9:04  Drone  
  142  9:05  Drone x7  
  150  9:12  Hydralisk x3  
  150  9:18  Hydralisk x2  
  150  9:19  Hydralisk  
  150  9:22  Drone  
  157  9:27  Hydralisk x2  
  157  9:30  Baneling  
  157  9:31  Baneling x2  
  159  9:32  Zergling x12  
  165  9:52  Hydralisk x6  
  159  9:54  Zergling x6  
  159  9:59  Hydralisk x2  
  156  10:00  Zergling x18  
  155  10:08  Zergling x2  
  155  10:09  Zergling x6  
  155  10:13  Zergling x4  
  159  10:19  Overlord x3  
  158  10:24  Evolution Chamber  
Show
View Real Time Build Order
Export as new Build Order

liquidthermy Terran 

Build Orders: Command Center First (CC), Liberator Opening, Mech 

Get SALT Encoding   

  12  0:01  SCV  
  13  0:13  SCV  
  14  0:16  Supply Depot  
  14  0:25  SCV  
  15  0:38  SCV  
  16  0:50  SCV  
  17  0:59  Command Center  
  17  1:02  SCV  
  18  1:12  Barracks  
  18  1:16  SCV  
  19  1:22  Refinery  
  19  1:28  SCV  
  20  1:32  Refinery  
  20  1:40  SCV  
  21  1:52  SCV  
  22  2:01  Reaper  
  23  2:04  Orbital Command  
  23  2:10  Orbital Command  
  23  2:19  Factory  
  23  2:30  SCV  
  23  2:35  Barracks Reactor  
  25  2:37  SCV  
  25  2:42  SCV  
  26  2:49  SCV  
  27  2:51  Supply Depot  
  27  2:54  SCV  
  28  3:01  SCV  
  28  3:05  Starport  
  29  3:06  SCV  
  30  3:13  SCV  
  30  3:14  Supply Depot, Hellion  
  30  3:15  Hellion  
  30  3:17  Barracks Tech Lab  
  30  3:18  SCV  
  36  3:25  SCV  
  37  3:30  SCV  
  37  3:31  Liberator  
  38  3:36  Hellion x2  
  38  3:37  SCV  
  43  3:42  SCV  
  43  3:43  Marine  
  43  3:48  Cloaking Field  
  45  3:54  SCV x2  
  49  3:57  Supply Depot, Hellion x2  
  53  4:06  SCV  
  54  4:18  SCV x2  
  54  4:19  Hellion  
  54  4:20  Hellion  
  54  4:22  Command Center  
  54  4:24  Supply Depot  
  60  4:30  SCV  
  61  4:32  Supply Depot  
  61  4:33  SCV  
  61  4:42  SCV  
  61  4:45  Banshee  
  67  4:46  SCV, Hellion, Refinery  
  67  4:47  Refinery  
  67  4:51  Armory  
  67  4:52  Armory  
  68  4:54  SCV  
  68  4:57  Hellion  
  68  4:59  SCV  
  72  5:01  Supply Depot  
  72  5:06  SCV  
  73  5:07  Hellion  
  73  5:11  SCV  
  70  5:18  Barracks Tech Lab  
  70  5:19  SCV  
  70  5:20  Factory x2  
  71  5:23  SCV  
  71  5:25  Hellion  
  74  5:31  SCV  
  74  5:35  SCV  
  76  5:38  Hellion  
  76  5:39  Starport Reactor  
  76  5:40  Supply Depot  
  78  5:43  SCV  
  78  5:47  SCV, Hellion  
  78  5:48  Orbital Command  
  82  5:54  Refinery  
  82  5:55  SCV  
  82  5:56  Refinery  
  83  5:57  Terran Vehicle Weapons Level 1  
  83  5:58  Terran Vehicle And Ship Armor Level 1  
  83  5:59  Hellion  
  83  6:00  SCV  
  86  6:07  SCV  
  87  6:12  SCV  
  87  6:15  Hellion  
  87  6:16  Thor  
  96  6:19  SCV  
  96  6:20  SCV  
  96  6:21  Thor  
  99  6:30  Hellion  
  99  6:31  SCV  
  101  6:33  Medivac  
  101  6:34  Medivac  
  101  6:36  SCV  
  101  6:39  SCV  
  107  6:41  Supply Depot  
  107  6:43  Supply Depot  
  107  6:44  SCV  
  108  6:48  SCV  
  108  6:50  Supply Depot, Infernal Pre-Igniter  
  108  6:52  Supply Depot  
  109  7:02  SCV  
  109  7:03  SCV, Hellion  
  109  7:04  SCV  
  112  7:12  Hellion, Siege Tank x2  
  112  7:15  SCV x2  
  122  7:20  Factory  
  122  7:21  SCV, Supply Depot  
  122  7:22  Factory  
  123  7:24  Hellion  
  123  7:27  Smart Servos  
  125  7:30  Supply Depot  
  125  7:34  Hellion  
  127  7:44  Siege Tank, Hellion, Viking x2  
  131  7:45  Supply Depot  
  131  7:46  Hellion  
  135  7:55  Hellion  
  135  7:57  Hellion x2  
  121  8:04  Factory Tech Lab  
  107  8:06  Hellion  
  107  8:07  Factory Tech Lab  
  107  8:09  Hellion  
  109  8:13  Medivac  
  109  8:14  Medivac  
  109  8:15  Terran Vehicle Weapons Level 2  
  109  8:16  Siege Tank  
  109  8:17  Hellion  
  109  8:19  Command Center  
  118  8:25  Hellion  
  123  8:27  Siege Tank  
  123  8:34  Supply Depot  
  123  8:35  Supply Depot, Orbital Command  
  123  8:36  Supply Depot, Hellion  
  123  8:40  Hellion  
  123  8:43  Viking  
  123  8:46  Hellion  
  123  8:47  Hellion  
  105  8:59  SCV  
  105  9:00  SCV  
  107  9:04  SCV  
  108  9:12  SCV x2  
  108  9:14  Engineering Bay  
  108  9:16  SCV  
  111  9:22  Hellion x3  
  111  9:24  SCV x2  
  119  9:27  Factory Reactor  
  119  9:28  SCV  
  120  9:35  Siege Tank  
  120  9:36  SCV x2, Hellion  
  127  9:40  SCV  
  127  9:41  Viking  
  127  9:43  Hellion  
  135  9:48  Hellion  
  128  9:57  Siege Tank  
  110  10:02  Barracks Reactor  
  110  10:04  Factory, Hellion  
  104  10:08  Factory, Hellion  
  104  10:10  Hellion  
Tags
 
Add a new tag
Caveats
  • Supply blocks, unpowered buildings, or Contaminate may cause inaccurate times.
  • Supply counts are checked every 10 seconds.